 Dungeon Crawl Stone Soup version 0.24-a0-446-g87df7205b4 (webtiles) character file.

Game seed: 6760933432572826728

2 emperorscorpion the Chopper (level 1, -6/30 HPs)
             Began as a Deep Dwarf Berserker on June 23, 2019.
             Was a Follower of Trog.
             Mangled by a gnoll
             ... wielding a +0 spear
              (7 damage)
             ... on level 2 of the Dungeon.
             The game lasted 00:01:08 (119 turns).

emperorscorpion the Chopper (Deep Dwarf Berserker)   Turns: 119, Time: 00:01:09

Health: -6/30      AC:  2    Str: 25    XL:     1   Next: 33%
Magic:  1/1        EV: 12    Int:  7    God:    Trog [*.....]
Gold:   0          SH:  0    Dex: 12    Spells: 0/0 levels left

rFire    . . .     SeeInvis .   a - +0 hand axe
rCold    . . .     Gourm    .   (no shield)
rNeg     . . .     Faith    .   b - +0 animal skin
rPois    .         Spirit   .   (no helmet)
rElec    .         Reflect  .   (no cloak)
rCorr    .         Harm     .   (no gloves)
MR       .....                  (no boots)
Stlth    ..........             (no amulet)
HPRegen  0.00/turn              (no ring)
MPRegen  0.07/turn              (no ring)

@: berserking, non-regenerating, very quick
A: damage resistance, heal wounds, sense surroundings 1, no regeneration
a: Heal Wounds, Berserk, Renounce Religion


You were on level 2 of the Dungeon.
You worshipped Trog.
Trog was aware of your devotion.
You were not hungry.

You visited 1 branch of the dungeon, and saw 2 of its levels.

Inventory:

Hand Weapons
 a - a +0 hand axe (weapon)
Armour
 b - a +0 animal skin (worn)
Comestibles
 c - a ration


   Skills:
 + Level 2.7 Fighting
 + Level 3.3 Axes
 + Level 2.2 Armour
 + Level 2.2 Dodging


You couldn't memorise any spells.
You didn't know any spells.
Your spell library was empty.

Dungeon Overview and Level Annotations

Branches:
Dungeon (2/15)

Altars:


Innate Abilities, Weirdness & Mutations

You are resistant to damage.
You can heal yourself by infusing magical energy.
You passively map a small area around you.
You do not regenerate.


Message History

The gnoll shouts! x2
You see here a dented blue amulet.
A red film seems to cover your vision as you go berserk!
You feel yourself moving faster!
You feel mighty!
You feel a lot more hungry. The gnoll closely misses you.
The gnoll hits you from afar with a +0 halberd!
You barely miss the goblin. You slash the ball python!
You kill the ball python!
Trog accepts your kill.
The gnoll hits you from afar with a +0 spear!
You barely miss the goblin. You hit the gnoll. The goblin hits you.
The gnoll closely misses you.
The gnoll hits you from afar with a +0 halberd!
* * * LOW HITPOINT WARNING * * *
The gnoll hits you from afar with a +0 spear.
You closely miss the goblin. You completely miss the gnoll.
The goblin barely misses you. The gnoll hits you with a +0 club.
* * * LOW HITPOINT WARNING * * *
The gnoll hits you from afar with a +0 spear!
You die...

, #..#...
#.#.####.#....# ,
#.......#.#.# #.#....#
#..#...##.#.# #.#....#
#...(..#..#.####.#....#
#......................
..........######.#.#.##
, *
#..gg.......##.#.#.# ,
##.#..gg...###.## #.#.#
, ......>@†.## * *
#.#.# ...#.##....#*
,*,#.# , , # #........
,#. * , , #........ ,
,, , , #......... ,
#......... , ,
#.....#### * *......# ,
*


You could see 3 gnolls and a goblin.

Vanquished Creatures
  A ball python (D:2)
  A goblin (D:1)
2 creatures vanquished.

Notes
Turn   | Place    | Note
-------+----------+-------------------------------------------
     0 | D:1      | emperorscorpion the Deep Dwarf Berserker began the quest
                  | for the Orb.
     0 | D:1      | Reached XP level 1. HP: 20/20 MP: 1/1
   119 | D:2      | HP: 1/30 [gnoll/+0 club (1)]
   119 | D:2      | Mangled by a gnoll

Levels and vault maps discovered:
D:1:      lemuel_arrival_rhombus, layout_basic
D:2:      layout_basic, first_ration, kennysheep_generic_room_8

Action                   || total
-------------------------++-------
Melee: Hand axe          ||     6
Invok: Berserk           ||     1
  Use: Scroll            ||     1
Armor: Animal skin       ||     2
Dodge: Dodged            ||     7

Table legend:
 A = Non-vault XP
 B = Vault XP
 C = Vault XP percentage of total XP
 D = Non-vault monster count
 E = Vault monster count
 F = Vault count percentage of total count
                 A         B        C        D         E       F
            +---------+---------+-------+---------+---------+-------
      Total |       4 |       0 |   0.0 |       2 |       0 |   0.0
            +---------+---------+-------+---------+---------+-------
        D:1 |       2 |       0 |   0.0 |       1 |       0 |   0.0
        D:2 |       2 |       0 |   0.0 |       1 |       0 |   0.0
            +---------+---------+-------+---------+---------+-------
